 Dungeon Sprint DCSS version 0.31-a0-115-g4708a659fe (webtiles) character file.

Game seed: 2409931810223122776

79 gelatine the Chopper (level 4, 0/35 HPs)
             Began as a Demonspawn Gladiator on May 29, 2023.
             Drowned by a water elemental (9 damage)
             ... in the Dungeon (Sprint III: "The Ten Rune Challenge").
             The game lasted 00:01:22 (197 turns).

gelatine the Chopper (Demonspawn Gladiator)          Turns: 197, Time: 00:01:23

Health: 0/35       AC:  8    Str: 17    XL:     4   Next: 16%
Magic:  4/4        EV: 13    Int:  9    God:
Gold:   0          SH:  4    Dex: 14    Spells: 3/3 levels left

rFire   . . .        a - +0 war axe
rCold   . . .        (no shield)
rNeg    . . .        b - +0 leather armour
rPois   .            c - +0 helmet
rElec   .            (no cloak)
rCorr   .            (no gloves)
SInv    .            (no boots)
Will    .....        (no amulet)
Stlth   +            (no ring)
HPRegen 0.25/turn    (no ring)
MPRegen 0.09/turn

%: no teleportation
@: engulfed (cannot breathe)
A: icemail 1, condensation shield
a: no special abilities


You were in the Dungeon.
You visited 1 branch

Inventory:

Hand Weapons
 a - a +0 war axe (weapon)
Missiles
 e - a javelin (quivered)
Armour
 b - a +0 leather armour (worn)
 c - a +0 helmet (worn)
Scrolls
 k - a scroll of blinking
 l - a scroll of amnesia {unknown}
Potions
 h - a potion of haste
 i - 2 potions of magic
 j - a potion of berserk rage


   Skills:
 * Level 3.4 Fighting
 * Level 5.4 Axes
 * Level 3.0 Throwing
 * Level 2.0 Armour
 * Level 4.6 Dodging
 + Level 0.2 Stealth
 + Level 0.1 Shields


You had 3 spell levels left.
You didn't know any spells.
Your spell library was empty.

Dungeon Overview and Level Annotations

Branches:
Dungeon (1/1)

Altars:


Innate Abilities, Weirdness & Mutations

A meltable icy envelope protects you from harm. (AC +4)
A meltable shield of frost defends you. (SH +4)


Message History

The water elemental is lightly damaged.
The water elemental struggles against the net.
You hit the water elemental but do no damage.
The water elemental is lightly damaged.
The water elemental struggles against the net.
You hit the water elemental.
The water elemental is lightly damaged.
The water elemental struggles against the net. x2
The net rips apart, and the water elemental comes free!
You closely miss the water elemental.
The water elemental is lightly damaged.
The water elemental barely misses you.
You hit the water elemental.
The water elemental is moderately damaged.
You block the water elemental's attack.
You barely miss the water elemental.
The water elemental is moderately damaged.
The water elemental hits you.
The water elemental engulfs you in water!
You hit the water elemental but do no damage.
The water elemental is moderately damaged.
Your lungs strain for air!
The water elemental hits you!
You barely miss the water elemental.
The water elemental is moderately damaged.
Your lungs strain for air!
You block the water elemental's attack. The water elemental hits you.
You are too injured to fight recklessly!
Throw: throwing net
Press: ? - help, Q - select action, (/) - cycle Shift-Dir - straight line, f/p - water elemental
Aim: a water elemental (moderately damaged, 71% to hit)
You throw a throwing net.
The throwing net hits the water elemental.
The water elemental is caught in the net!
The water elemental is moderately damaged.
* * * LOW HITPOINT WARNING * * *
Your lungs strain for air!
You slash the water elemental!
The water elemental is severely damaged.
You die...

▓▓▓▓▓▓ ▓▓▓ .#)..####
##.# .#......## #..#
##.....†.# #..#
.##.##...# #..###+#+###
.##.###..#
+#..#........
####.##..#
#...'.⌠......
##..##.†####...#@..####
.†..##..###....#.E.#
#†.##...##.....#...#
..##....#†.....#+###
.###..##.#.....# .# #..
####....# ▓▓ ▓▓▓ ▓▓▓▓▓▓


You could see a water elemental (caught).

Vanquished Creatures
  A scorpion (D)
  A human (D)
  4 rats (D)
6 creatures vanquished.

Notes
Turn   | Place    | Note
-------+----------+-------------------------------------------
     0 | D        | gelatine the Demonspawn Gladiator began the quest for the
                  | Orb.
     0 | D        | Reached XP level 1. HP: 16/16 MP: 1/1
    12 | D        | Reached skill level 3 in Axes
    47 | D        | Noticed a scorpion
    64 | D        | Killed a scorpion
    65 | D        | Reached skill level 5 in Axes
    65 | D        | Reached skill level 1 in Armour
    65 | D        | Gained mutation: A meltable shield of frost defends you.
                  | (SH +4) [demonic ancestry]
    65 | D        | Reached XP level 2. HP: 14/24 MP: 2/2
    65 | D        | Reached XP level 3. HP: 17/29 MP: 3/3
    80 | D        | Gained mutation: A meltable icy envelope protects you from
                  | harm. (AC +4) [demonic ancestry]
    80 | D        | Reached XP level 4. HP: 10/35 MP: 4/4
   184 | D        | Noticed a water elemental
   197 | D        | Drowned by a water elemental

Illustrated notes

Levels and vault maps discovered:
D:        dungeon_sprint_mu [sprint_mu_entry_cave, sprint_mu_temple_rooms,
          sprint_mu_d1_horrors, sprint_mu_d2_genie, sprint_mu_d3_branching,
          sprint_mu_orc_legion, sprint_mu_elf_gauntlet, sprint_mu_hive_nellie,
          sprint_mu_lair_fedhas, sprint_mu_vaults_butterflies,
          sprint_mu_slime_circle, sprint_mu_shoals_archi,
          sprint_mu_snake_twists, sprint_mu_blade_basic,
          sprint_mu_crypt_fortress, sprint_mu_tomb_spiral,
          sprint_mu_vestibule_basic, sprint_mu_gehenna_hellfire,
          sprint_mu_dis_giant, sprint_mu_tartarus_statrot,
          sprint_mu_cocytus_islands, sprint_mu_zot1]

Skill      XL: |  1  2  3 |
---------------+----------+-----
Axes           | 5 |  5.4
Dodging        | 4 |  4.6
Fighting       | 3 |  3.4
Throwing       | 2 3 |  3.0
Armour         | 1 2 |  2.0
Stealth        | |  0.2
Shields        | |  0.1

Action                     |  1- 3 |  4- 6 || total
---------------------------+-------+-------++-------
  Melee: War axe           |    33 |     9 ||    42
  Throw: Throwing net      |     2 |     2 ||     4
    Use: Potion            |     2 |       ||     2
 Armour: Leather armour    |     4 |     2 ||     6
  Dodge: Dodged            |    19 |     1 ||    20
  Block: Other             |     4 |     2 ||     6

Table legend: (Time is in decaauts)
 A = Elapsed time spent in this place.
 B = Non-inter-level travel time spent in this place.
 C = Inter-level travel time spent in this place.
 D = Time resting spent in this place.
 E = Time spent auto-exploring this place.
 F = Levels seen in this place.
 G = Mean time per level.
                   A        B        C        D        E       F      G
               +--------+--------+--------+--------+--------+-----+--------+
         Total |    208 |    208 |      0 |      0 |    122 |   1 |  208.0 |
       Dungeon |    208 |    208 |      0 |      0 |    122 |   1 |  208.0 |
               +--------+--------+--------+--------+--------+-----+--------+

Top non-repeatable levels by time:
       D: 208 daAuts
